 Dungeon Crawl Stone Soup version 0.26.1-11-gd32895ea62 (webtiles) character file.

Game seed: 17429251382495200542

1299 Zeld the Magician (level 8, -4/50 HPs)
             Began as an Octopode Brigand on May 15, 2021.
             Slain by a yak (11 damage)
             ... on level 9 of the Dungeon.
             The game lasted 00:11:24 (9643 turns).

Zeld the Magician (Octopode Brigand)                Turns: 9643, Time: 00:11:25

Health: -4/50      AC:  1    Str: 12    XL:     8   Next: 56%
Magic:  19/19      EV: 13    Int: 13    God:
Gold:   282        SH:  0    Dex: 14    Spells: 22/22 levels left

rFire    . . .     SeeInvis +   d - +1 dagger (venom)
rCold    . . .     Faith    .   (no shield)
rNeg     . . .     Spirit   .   (helmet restricted)
rPois    +         Reflect  .   (no amulet)
rElec    .         Harm     .   (no ring)
rCorr    +         Rampage  .   (no ring)
Will     .....                  i - ring of resist corrosion
Stlth    ++++......             x - ring of poison resistance
HPRegen  0.16/turn              w - ring of see invisible
MPRegen  0.16/turn              (no ring)
                                (no ring)
                                (no ring)

@: no status effects
A: almost no armour, stealthy swim, amphibious, 8 rings, constrict 8, camouflage
1, gelatinous body 1
a: no special abilities


You were on level 9 of the Dungeon.
You visited 1 branch of the dungeon, and saw 9 of its levels.

You collected 282 gold pieces.

Inventory:

Hand Weapons
 a - a +2 dagger
 d - a +1 dagger of venom (weapon)
 e - a +1 dagger of pain
 k - a +2 dagger of draining
 o - a +2 dagger of flaming
Missiles
 b - 36 poisoned darts (quivered)
 c - 2 curare-tipped darts
Jewellery
 i - a ring of resist corrosion (on tentacle)
 w - a ring of see invisible (on tentacle)
 x - a ring of poison resistance (on tentacle)
Wands
 h - a wand of enslavement (2)
 v - a wand of acid (1)
Scrolls
 f - a scroll of fear
 g - 3 scrolls of remove curse
 l - 4 scrolls of teleportation
Potions
 m - 2 potions of haste
 n - a potion of resistance
 r - 2 potions of brilliance
 u - 2 potions of heal wounds {unknown}
 z - 2 potions of ambrosia {unknown}


   Skills:
 - Level 2.0 Fighting
 - Level 2.0 Short Blades
 - Level 6.0 Throwing
 - Level 1.0 Dodging
 - Level 5.3 Stealth
 + Level 7.6 Spellcasting


You had 22 spell levels left.
You didn't know any spells.
Your spell library was empty.

Dungeon Overview and Level Annotations

Branches:
Dungeon (9/15)
 Temple: D:4-7         Lair: D:8-11         Orc: D:9-12

Altars:
Cheibriados
Okawaru
Yredelemnul

Shops:
D:4 [

Annotations:
D:4 3 runed translucent doors, Sigmund; Thatpatchoflichen's ghost, novice KoGl; Zeld's ghost, amateur OpBr
D:7 Maggie


Innate Abilities, Weirdness & Mutations

You cannot wear most types of armour.
You are very stealthy in the water. (Stealth+)
You are amphibious.
You can wear up to eight rings at the same time.
You can use your tentacles to constrict eight enemies at once.
Your skin changes colour to match your surroundings (Stealth+).
Your rubbery body absorbs attacks. (AC +1, EV +1)


Message History

The phantom is heavily damaged.
The phantom misses you.
You hit the phantom.
The phantom is heavily damaged.
The phantom hits you.
* * * LOW HITPOINT WARNING * * *
Unknown command.
The phantom blinks!
Okay, then.
As you read the scroll of fear, it crumbles to dust.
You assume a fearsome visage.
The phantom is unaffected.
The phantom hits you.
* * * LOW HITPOINT WARNING * * *
Aiming: Corrosive Bolt
Press: ? - help, Shift-Dir - straight line, f/p - phantom
Aim: a phantom (heavily damaged, 40% to evade)
Okay, then.
The phantom blinks!
There is a stone staircase leading down here.
You climb downwards.
The yak gores you!
You die...

#### # ####...###
.. .....[... ...#
#........
#...#####.......#
#...#.........#
#.@.##.......
#..Y.# .......
#.##.........#
... ###........
.... ......##
..?.. #...## ...Y
#.. .... ..


You could see 2 yaks.

Vanquished Creatures
  An orc warrior (D:6)
  3 ice beasts
  An ogre (D:4)
  A scorpion (D:8)
  A jelly (D:5)
  2 hounds (D:5)
  3 orc wizards
  2 orc priests
  2 centaur skeletons
  An iguana (D:5)
  6 worker ants
  A killer bee zombie (D:5)
  A hound skeleton (D:4)
  3 gnolls
  5 adders
  2 shadow imps (D:5)
  A white imp (D:5)
  An ufetubus (D:5)
  2 worms (D:2)
  2 dart slugs
  3 leopard geckos
  17 orcs
  A ball python (D:6)
  8 goblins
  8 hobgoblins
  4 jackals (D:5)
  2 quokkas (D:6)
  9 bats
  6 frilled lizards
  6 kobolds
  8 rats
113 creatures vanquished.

Vanquished Creatures (collateral kills)
  A centaur skeleton (D:6)
1 creature vanquished.

Vanquished Creatures (others)
  A sky beast (D:8)
1 creature vanquished.

Grand Total: 115 creatures vanquished

Notes
Turn   | Place    | Note
-------+----------+-------------------------------------------
     0 | D:1      | Zeld the Octopode Brigand began the quest for the Orb.
     0 | D:1      | Reached XP level 1. HP: 14/14 MP: 1/1
     0 | D:1      | Noticed a large abomination
     2 | D:1      | Noticed a purple draconian
     6 | D:1      | Noticed an orb of fire
     7 | D:1      | Noticed a shadow dragon
     8 | D:1      | Noticed a shadow dragon
     9 | D:1      | Noticed a shadow dragon
    11 | D:1      | Noticed a large abomination
    13 | D:1      | Noticed a shadow dragon
    15 | D:1      | Noticed a large abomination
    15 | D:1      | Noticed an iron dragon
    17 | D:1      | Noticed a yellow draconian
    17 | D:1      | Noticed an iron dragon
    19 | D:1      | Noticed an iron dragon
    19 | D:1      | Noticed a large abomination
   209 | D:1      | Reached XP level 2. HP: 19/19 MP: 2/2
   690 | D:1      | Reached skill level 1 in Spellcasting
   866 | D:2      | Reached XP level 3. HP: 24/24 MP: 4/4
  1145 | D:2      | Reached XP level 4. HP: 11/28 MP: 6/6
  1816 | D:2      | Found an iron altar of Okawaru.
  2197 | D:2      | Reached skill level 2 in Spellcasting
  3121 | D:3      | Reached XP level 5. HP: 17/34 MP: 8/8
  4022 | D:4      | Got a transparent dagger
  4027 | D:4      | Noticed Sigmund
  4028 | D:4      | Noticed an ogre
  4098 | D:4      | Found a runed translucent gate.
  4098 | D:4      | Found a runed translucent gate.
  4133 | D:4      | Found a runed translucent gate.
  4134 | D:4      | Noticed Zeld's ghost (amateur OpBr)
  4135 | D:4      | Noticed Thatpatchoflichen's ghost (novice KoGl)
  4196 | D:4      | Found Sistadghaudgh's Antique Armour Shoppe.
  4213 | D:4      | Reached skill level 5 in Throwing
  4213 | D:4      | Reached XP level 6. HP: 39/39 MP: 8/10
  4833 | D:4      | Reached skill level 3 in Spellcasting
  5385 | D:5      | Entered Level 5 of the Dungeon
  5385 | D:5      | Noticed an ice beast
  5389 | D:5      | Killed an ice beast
  5390 | D:5      | Reached XP level 7. HP: 45/45 MP: 10/12
  5506 | D:5      | Reached skill level 4 in Spellcasting
  6570 | D:5      | Reached skill level 5 in Spellcasting
  6789 | D:5      | Identified the +4 dagger "Beetleslayer" {vorpal, +Rage
                  | rN+++ Str-4} (You found it on level 4 of the Dungeon)
  8034 | D:6      | Reached skill level 6 in Spellcasting
  8034 | D:6      | Reached XP level 8. HP: 25/50 MP: 15/17
  8337 | D:6      | Found a snail-covered altar of Cheibriados.
  8340 | D:6      | Found a basalt altar of Yredelemnul.
  9314 | D:6      | Reached skill level 7 in Spellcasting
  9546 | D:6      | You fall into a shaft and drop 3 floors!
  9549 | D:9      | Noticed a yak
  9550 | D:9      | Noticed a yak
  9550 | D:9      | Noticed a yak
  9556 | D:7      | Noticed Maggie
  9643 | D:9      | Slain by a yak

Illustrated notes

Levels and vault maps discovered:
D:1:      shiori_arrival_whats_in_store_for_you, layout_loops_cross,
          minmay_misc_feat_iff
D:2:      layout_rooms, marbit_many_paths, supply_closet_lemuel,
          minmay_pentomino_w4
D:3:      layout_basic
D:4:      layout_basic, gammafunk_ghost_cemetery, serial_shops, shop,
          uniq_sigmund
D:5:      layout_basic
D:6:      layout_loops_ring, minitemple
D:7:      layout_cave_pods, lemuel_crystal_altar,
          eat_drink_and_be_merry_uskayaw, minmay_temple_entry_hall, serial_park,
          serial_park_paths [serial_park_minivault_5x5_1], serial_park_tiny_1,
          serial_park_tiny_1, serial_park_tiny_pond, serial_park_tiny_1,
          serial_shops, shop, minmay_hollow_rounded_squares, uniq_maggie
D:8:      layout_cave_pools, lair_entry_dummy, serial_park, serial_park_tiny_2,
          basic_altar
D:9:      layout_rooms, fiery_altar_vehumet, minmay_liquid_box,
          uniq_prince_ribbit1

Skill      XL: |  1  2  3  4  5  6  7  8 |
---------------+-------------------------+-----
Spellcasting   | 1 2 3 6 7 |  7.6
Throwing       | 3 4 5 6 |  6.0
Fighting       | |  2.0
Short Blades   | |  2.0
Dodging        | |  1.0
Stealth        | |  5.3

Action                   |  1- 3 |  4- 6 |  7- 9 || total
-------------------------+-------+-------+-------++-------
Melee: Dagger            |    57 |    74 |   161 ||   292
       Constrict         |    12 |    13 |    34 ||    59
       Tentacles         |     5 |     8 |    35 ||    48
Throw: Dart              |       |     5 |       ||     5
Evoke: Wand              |       |       |    11 ||    11
  Use: Potion            |     3 |       |     1 ||     4
       Scroll            |       |       |    10 ||    10
 Stab: Sleeping          |    16 |    14 |     5 ||    35
       Distracted        |     1 |     1 |       ||     2
Armor: Skin              |     8 |     4 |     5 ||    17
Dodge: Dodged            |    32 |    41 |    86 ||   159
